 Dungeon Crawl Stone Soup version 0.26-a0-658-gbdda728c12 (webtiles) character file.

Game seed: 8216125340743038023

369 marklar909 the Sneak (level 7, -2/40 HPs)
             Began as a Kobold Enchanter on Oct 5, 2020.
             Was an Initiate of Ashenzari.
             Killed from afar by Duvessa (8 damage)
             ... with a puff of flame
             ... on level 4 of the Dungeon.
             The game lasted 00:06:15 (4715 turns).

marklar909 the Sneak (Kobold Enchanter)             Turns: 4715, Time: 00:06:16

Health: -2/40      AC:  2    Str:  7    XL:     7   Next: 1%
Magic:  11/11      EV: 16    Int: 16    God:    Ashenzari [......]
Gold:   296        SH:  0    Dex: 16    Spells: 3/11 levels left

rFire    . . .     SeeInvis .   d - +0 short sword (freeze)
rCold    . . .     Faith    .   (shield restricted)
rNeg     . . .     Spirit   .   b - +0 robe
rPois    .         Reflect  .   (no helmet)
rElec    .         Harm     .   (no cloak)
rCorr    .         Rampage  .   (no gloves)
MR       .....                  (no boots)
Stlth    +++++.....             w - amulet of inaccuracy
HPRegen  0.13/turn              g - ring of stealth
MPRegen  0.12/turn              (no ring)

@: no status effects
A: small, nightstalker 3
a: Curse Item, Renounce Religion


You were on level 4 of the Dungeon.
You worshipped Ashenzari.
Ashenzari was noncommittal.
You visited 1 branch of the dungeon, and saw 4 of its levels.

You collected 296 gold pieces.

Inventory:

Hand Weapons
 a - a +1 dagger
 d - a +0 short sword of freezing (weapon)
Armour
 b - a +0 robe (worn)
 i - a +0 buckler
 v - a +2 ring mail of cold resistance
Jewellery
 g - a ring of stealth (left hand)
 w - an amulet of inaccuracy (around neck)
Wands
 f - a wand of digging (4)
 x - a wand of acid (6)
Scrolls
 e - a scroll of magic mapping
 k - 4 scrolls of identify
 o - 2 scrolls of amnesia
 q - a scroll of immolation {unknown}
 t - 3 scrolls of enchant armour {unknown}
 u - 3 scrolls of teleportation
Potions
 c - 3 potions of cancellation
 h - 2 potions of haste {unknown}
 j - a potion of mutation {unknown}
 l - 5 potions of might {unknown}
 n - a potion of lignification {unknown}
 p - 2 potions of degeneration {unknown}
 r - 2 potions of flight {unknown}
 s - 3 potions of curing {unknown}
 z - 2 potions of ambrosia {unknown}


   Skills:
 * Level 2.1 Fighting
 + Level 3.1 Short Blades
 * Level 3.4 Dodging
 + Level 6.5 Stealth
 * Level 1.2 Shields
 + Level 2.7 Spellcasting
 * Level 3.9 Hexes
 + Level 1.3 Ice Magic


You had 3 spell levels left.
You knew the following spells:

 Your Spells              Type           Power        Failure   Level
a - Dazzling Flash        Conj/Hex       #.....       26%         3
b - Ensorcelled Hibernat  Hex/Ice        ##....       10%         2
c - Confusing Touch       Hex            ##......     12%         3

Your spell library contained the following spells:

 Spells                   Type           Power        Failure   Level
 Corona                   Hex            ##.....      3%          1
 Tukima's Dance           Hex            ##......     12%         3


Dungeon Overview and Level Annotations

Branches:
Dungeon (4/15)
 Temple: D:4-7

Altars:
Ashenzari
Ru
Xom
The Shining One

Annotations:
D:4 1 runed translucent door, Crazy Yiuf, Dowan, Duvessa


Innate Abilities, Weirdness & Mutations

You are small and have problems with some larger weapons.
You are completely attuned to the shadows.


Message History

Duvessa is almost dead.
Duvessa hits you with a +1 short sword of freezing!
Duvessa freezes you. Dowan gestures at you while chanting.
The puff of flame misses you.
Unknown command.
You barely miss Duvessa.
Duvessa is almost dead.
Duvessa misses you. Dowan hits you with a +0 dagger.
Unknown command.
Dowan gestures at you while chanting. The puff of frost hits you!
* * * LOW HITPOINT WARNING * * *
Unknown command.
Duvessa zaps a wand.
The puff of flame hits you.
* * * LOW HITPOINT WARNING * * *
Unknown command.
Duvessa is nearby!
Duvessa zaps a wand.
The puff of flame hits you!
You die...

#.# ##.## #.###.##
#.#.## #..########
#.#.......#
#.#.#####.#
#.#..e.e..####
#.#.#####....#
#.@.......##.#
##).#####e##.##
#...†....e.ee#####
#..#####..#.......
#........#.#.####.
#..#####.##.## .
#........#### .
#...###### . ###


You could see Duvessa.

Vanquished Creatures
  A scorpion (D:3)
  Ijyb (D:4)
  An iguana (D:4)
  Natasha (thrice) (D:4)
  An orc wizard (D:3)
  A worker ant (D:2)
  A hound skeleton (D:4)
  3 adders
  2 worms
  3 dart slugs
  7 leopard geckos
  8 orcs (D:3)
  5 bats
  6 giant cockroaches
  8 goblins
  11 hobgoblins
  4 jackals (D:3)
  4 kobolds
  2 quokkas
  A ball python (D:1)
  4 frilled lizards
  10 rats
87 creatures vanquished.

Notes
Turn   | Place    | Note
-------+----------+-------------------------------------------
     0 | D:1      | marklar909 the Kobold Enchanter began the quest for the
                  | Orb.
     0 | D:1      | Reached XP level 1. HP: 10/10 MP: 3/3
   414 | D:1      | Reached XP level 2. HP: 15/15 MP: 1/5
   736 | D:1      | Reached XP level 3. HP: 19/19 MP: 6/6
  1045 | D:1      | Learned a level 2 spell: Ensorcelled Hibernation
  1049 | D:1      | Learned a level 3 spell: Confusing Touch
  1530 | D:2      | Reached skill level 5 in Stealth
  1530 | D:2      | Reached XP level 4. HP: 24/24 MP: 7/7
  1806 | D:2      | Found a shimmering altar of Xom.
  2278 | D:2      | Reached XP level 5. HP: 24/28 MP: 8/8
  2283 | D:2      | Learned a level 3 spell: Dazzling Flash
  2784 | D:3      | Reached skill level 1 in Fighting
  3271 | D:3      | Found a sacrificial altar of Ru.
  3279 | D:3      | Found a glowing golden altar of the Shining One.
  3444 | D:3      | Reached skill level 1 in Shields
  3444 | D:3      | Reached XP level 6. HP: 34/34 MP: 8/10
  3708 | D:4      | Noticed Ijyb
  3793 | D:4      | Killed Ijyb
  3793 | D:4      | Reached skill level 6 in Stealth
  4169 | D:4      | Noticed Natasha
  4173 | D:4      | Killed Natasha
  4185 | D:4      | Found a broken altar of Ashenzari.
  4201 | D:4      | Noticed Natasha
  4219 | D:4      | Killed Natasha
  4227 | D:4      | Became a worshipper of Ashenzari the Shackled
  4380 | D:4      | Reached skill level 1 in Ice Magic
  4604 | D:4      | Found a runed translucent door.
  4607 | D:4      | Noticed Crazy Yiuf
  4636 | D:4      | Noticed Natasha
  4644 | D:4      | Killed Natasha
  4644 | D:4      | Reached XP level 7. HP: 40/40 MP: 7/11
  4691 | D:4      | Noticed Duvessa
  4694 | D:4      | Noticed Dowan
  4715 | D:4      | Killed from afar by Duvessa

Illustrated notes

Levels and vault maps discovered:
D:1:      lightli_arrival_lavapool, layout_loops_ring
D:2:      layout_loops_corners, lemuel_coloured_pillars_altar
D:3:      layout_basic, amethyst_overflow_temple_binary
D:4:      layout_loops_ring, kennysheep_little_box, supply_closet_lemuel,
          hex_large, minmay_misc_feat_rows, cheibrodos_ashenzari_chains,
          uniq_crazy_yiuf_cottage, uniq_ijyb, uniq_natasha, uniq_duvessa

Skill      XL: |  1  2  3  4  5  6 |
---------------+-------------------+-----
Short Blades   | 2 3 |  3.1
Stealth        | 5 6 |  6.5
Dodging        | 3 |  3.4
Fighting       | 1 2 |  2.1
Shields        | 1 |  1.2
Ice Magic      | 1 |  1.3
Spellcasting   | |  2.7
Hexes          | |  3.9

Action                   |  1- 3 |  4- 6 |  7- 9 || total
-------------------------+-------+-------+-------++-------
Melee: Dagger            |    69 |       |       ||    69
       Short sword       |    34 |   145 |     4 ||   183
       Unarmed           |       |     6 |       ||     6
 Cast: Corona            |    11 |       |       ||    11
       Ensorcelled Hiber |     1 |    20 |       ||    21
       Confusing Touch   |       |     2 |       ||     2
Evoke: Wand              |       |     1 |       ||     1
  Use: Scroll            |       |     5 |       ||     5
 Stab: Sleeping          |    18 |    39 |     1 ||    58
       Distracted        |       |     1 |       ||     1
       Confused          |       |     2 |       ||     2
Armor: Robe              |    14 |    10 |       ||    24
Dodge: Dodged            |    75 |    84 |     3 ||   162

Table legend: (Time is in decaauts)
 A = Elapsed time spent in this place.
 B = Non-inter-level travel time spent in this place.
 C = Inter-level travel time spent in this place.
 D = Time resting spent in this place.
 E = Time spent auto-exploring this place.
 F = Levels seen in this place.
 G = Mean time per level.
                   A        B        C        D        E       F      G
               +--------+--------+--------+--------+--------+-----+--------+
         Total |   4696 |   4525 |    171 |    608 |   3235 |   4 | 1174.0 |
       Dungeon |   4696 |   4525 |    171 |    608 |   3235 |   4 | 1174.0 |
               +--------+--------+--------+--------+--------+-----+--------+

Top non-repeatable levels by time:
     D:1: 1381 daAuts
     D:3: 1363 daAuts
     D:2: 982 daAuts
     D:4: 969 daAuts
